 Dungeon Crawl Stone Soup version 0.20.0-15-g7f486f2 (console) character file.

171 norkel the Sneak (level 5, -3/31 HPs)
             Began as a Halfling Enchanter on June 9, 2017.
             Slain by a bullfrog skeleton (4 damage)
             ... on level 4 of the Dungeon.
             The game lasted 00:08:25 (2024 turns).

norkel the Sneak (Halfling Enchanter)               Turns: 2024, Time: 00:08:26

Health: -3/31      AC:  2    Str: 12    XL:     5   Next: 81%
Magic:  5/7        EV: 20    Int: 19    God:
Gold:   107        SH:  0    Dex: 20    Spells: 1/7 levels left

rFire    . . .     SeeInvis .   j - +0 trident (flame)
rCold    . . .     Gourm    .   (shield currently unavailable)
rNeg     . . .     Faith    .   b - +0 robe
rPois    +         Spirit   .   (no helmet)
rElec    .         Reflect  .   (no cloak)
rCorr    .         Harm     .   (no gloves)
MR       .....                  (no boots)
Stlth    ++++......             q - amulet of rage
Regen    0.1/turn               x - +3 ring of strength
MPRegen  0.1/turn               w - ring of poison resistance

@: brilliant, agile
A: mutation resistance 1
a: Evoke Berserk Rage


You were on level 4 of the Dungeon.
You were very hungry.

You visited 1 branch of the dungeon, and saw 4 of its levels.

You collected 107 gold pieces.

Inventory:

Hand Weapons
 a - a +1 dagger
 j - a +0 trident of flaming (weapon)
 m - a +0 hunting sling
Armour
 b - a +0 robe (worn)
Jewellery
 q - an amulet of rage (around neck)
 w - a ring of poison resistance (right hand)
 x - a +3 ring of strength (left hand)
Wands
 t - a wand of confusion (30/48)
 v - a wand of paralysis (9/24)
Scrolls
 e - a scroll of recharging {unknown}
 g - 4 scrolls of teleportation {unknown}
 h - 3 scrolls of enchant weapon {unknown}
 i - 5 scrolls of identify {unknown}
 k - a scroll of blinking {unknown}
 l - a scroll of fear {unknown}
 o - a scroll of fog {unknown}
 p - a scroll of remove curse {unknown}
 r - a scroll of noise {unknown}
Books
 c - a book of Maledictions

   Spells                             Type                      Level
   a - Corona                         Hexes                        1
   b - Ensorcelled Hibernation        Hexes/Ice                    2
   c - Confuse                        Hexes                        3
   d - Tukima's Dance                 Hexes                        3
   e - Dazzling Spray                 Conjuration/Hexes            3
Comestibles
 d - a bread ration
 n - 3 meat rations
 u - 2 royal jellies
 z - 2 fruits


   Skills:
 + Level 2.9 Short Blades
 - Level 2.1 Dodging
 + Level 4.3 Stealth
 - Level 1.5 Spellcasting
 * Level 4.0 Hexes


You had one spell level left.
You knew the following spells:

 Your Spells              Type           Power        Failure   Level  Hunger
a - Corona                Hex            ####...      1%          1    ##.....
b - Ensorcelled Hibernat  Hex/Ice        ###...       1%          2    ###....
c - Confuse               Hex            ####....     1%          3    ####...


Dungeon Overview and Level Annotations

Branches:
Dungeon (4/15)
 Temple: D:4-7

Altars:

Annotations:
D:1 1 exclusion
D:3 ThereIsNoGod's ghost, amateur GrFi


Innate Abilities, Weirdness & Mutations

You are small and have problems with some larger weapons.
You are somewhat resistant to further mutation.


Message History

Wield which item (- for none, * to show all)? (? for menu, Esc to quit)
Your +0 trident of flaming bursts into flame!
j - a +0 trident of flaming (weapon)
The bullfrog skeleton barely misses you.
You puncture the bullfrog skeleton! You burn the bullfrog skeleton.
The bullfrog skeleton is moderately damaged.
The bullfrog skeleton misses you.
The bullfrog skeleton barely misses you.
You barely miss the bullfrog skeleton.
The bullfrog skeleton is moderately damaged.
The bullfrog skeleton misses you.
You hit the bullfrog skeleton. You burn the bullfrog skeleton.
The bullfrog skeleton is heavily damaged.
The bullfrog skeleton barely misses you.
The bullfrog skeleton hits you.
* * * LOW HITPOINT WARNING * * *
You barely miss the bullfrog skeleton.
The bullfrog skeleton is heavily damaged.
The bullfrog skeleton hits you.
You die...

### #.####### #Z.......
#@#
################.######
........................
################.#######
#.# #.# ... #.# ### #.#


You could see a bullfrog skeleton.

Vanquished Creatures
  A scorpion (D:4)
  A worker ant (D:4)
  An adder (D:3)
  An ooze (D:3)
  3 worms
  2 dart slugs (D:1)
  3 leopard geckos
  3 orcs
  6 bats
  4 giant cockroaches
  9 goblins
  7 hobgoblins
  2 jackals (D:1)
  5 kobolds
  2 quokkas
  3 frilled lizards
  14 rats
67 creatures vanquished.

Notes
Turn   | Place    | Note
-------+----------+-------------------------------------------
     0 | D:1      | norkel the Halfling Enchanter began the quest for the Orb.
     0 | D:1      | Reached XP level 1. HP: 11/11 MP: 3/3
   154 | D:1      | Reached XP level 2. HP: 17/17 MP: 4/4
   205 | D:1      | Learned a level 2 spell: Ensorcelled Hibernation
   429 | D:1      | Reached XP level 3. HP: 12/21 MP: 2/5
  1110 | D:2      | Reached XP level 4. HP: 27/27 MP: 6/6
  1407 | D:3      | Noticed ThereIsNoGod's ghost (amateur GrFi)
  1802 | D:4      | Learned a level 3 spell: Confuse
  1842 | D:4      | Reached XP level 5. HP: 23/31 MP: 7/7
  2023 | D:4      | HP: 1/31 [bullfrog skeleton (5)]
  2024 | D:4      | Slain by a bullfrog skeleton

Skill      XL: |  1  2  3  4  5 |
---------------+----------------+-----
Hexes          | 3 4 |  4.0
Short Blades   | 2 |  2.9
Stealth        | 4 |  4.3
Dodging        | |  2.1
Spellcasting   | |  1.5

Action                   |  1- 3 |  4- 6 || total
-------------------------+-------+-------++-------
Melee: Dagger            |   143 |    81 ||   224
       Trident           |       |    14 ||    14
 Cast: Corona            |    29 |     5 ||    34
       Ensorcelled Hiber |     2 |    23 ||    25
  Use: Potion            |       |     6 ||     6
 Stab: Sleeping          |     9 |    13 ||    22
  Eat: Chunk             |     2 |     4 ||     6
Armor: Robe              |    13 |    10 ||    23
Dodge: Dodged            |   101 |    99 ||   200
